 Dungeon Crawl Stone Soup version 0.26-a0-611-g354ed81502 (webtiles) character file.

Game seed: 9679975658035208655

2 MrRokkomies the Grasshopper (level 1, -1/14 HPs)
             Began as a Demigod Wanderer on Sept 7, 2020.
             Slain by a leopard gecko (4 damage)
             ... on level 1 of the Dungeon.
             The game lasted 00:00:53 (121 turns).

MrRokkomies the Grasshopper (Demigod Wanderer)       Turns: 121, Time: 00:00:53

Health: -1/14      AC:  2    Str: 15    XL:     1   Next: 26%
Magic:  3/3        EV: 12    Int: 15    God:
Gold:   29         SH:  0    Dex: 16    Spells: 0/0 levels left

rFire    . . .     SeeInvis .   a - +0 spear
rCold    . . .     Faith    .   (no shield)
rNeg     . . .     Spirit   .   d - +0 robe
rPois    .         Reflect  .   (no helmet)
rElec    .         Harm     .   (no cloak)
rCorr    .                      (no gloves)
MR       .....                  (no boots)
Stlth    +.........             (no amulet)
HPRegen  0.04/turn              (no ring)
MPRegen  0.08/turn              (no ring)

@: no status effects
A: high mp 1
a: no special abilities


You were on level 1 of the Dungeon.
You visited 1 branch of the dungeon, and saw 1 of its levels.

You collected 29 gold pieces.

Inventory:

Hand Weapons
 a - a +0 spear (weapon)
Armour
 d - a +0 robe (worn)
Scrolls
 b - a scroll of remove curse {unknown}
 c - a scroll of teleportation
 e - a scroll of enchant weapon {unknown}


   Skills:
 + Level 0.1 Fighting
 - Level 1.7 Polearms
 * Level 1.1 Dodging
   Level 1.0 Shields
   Level 3.6 Translocations
   Level 1.0 Fire Magic
 * Level 0.2 Earth Magic
   Level 1.0 Evocations


You couldn't memorise any spells.
You knew the following spells:

 Your Spells              Type           Power        Failure   Level
a - Sandblast             Erth           #.....       24%         1

Your spell library contained the following spells:

 Spells                   Type           Power        Failure   Level
 Blink                    Tloc           N/A          10%         2
 Gell's Gravitas          Tloc           ##........   19%         3
 Lesser Beckoning         Tloc           ##........   19%         3
 Teleport Other           Tloc           ##......     19%         3
 Passage of Golubria      Tloc           N/A          52%         4
 Stone Arrow              Conj/Erth      #.....       61%         3


Dungeon Overview and Level Annotations

Branches:
Dungeon (1/15)


Innate Abilities, Weirdness & Mutations

You have an increased reservoir of magic. (+10% MP)


Message History

You now have 29 gold pieces (gained 7).
A leopard gecko comes into view.
The leopard gecko hisses angrily.
Found 4 gold pieces.
You barely miss the leopard gecko. The leopard gecko barely misses you.
You barely miss the leopard gecko. The leopard gecko bites you.
You closely miss the leopard gecko. The leopard gecko barely misses you.
You miss the leopard gecko. The leopard gecko bites you.
The leopard gecko barely misses you.
You are too injured to fight recklessly!
You are too injured to fight recklessly!
You are too injured to fight recklessly!
You are too injured to fight recklessly!
You are too injured to fight recklessly!
You hit the leopard gecko but do no damage.
The leopard gecko bites you.
You closely miss the leopard gecko. The leopard gecko bites you.
* * * LOW HITPOINT WARNING * * *
You barely miss the leopard gecko. The leopard gecko bites you.
You die...

........#
#.#####.# #.
#.### #
#...##
#.#####†#..#
#..........#
#..#.....#.#
#..##.#.##.#
#...@###...#
#..##l# ##.#
#. ... .# #
###...# ###


You could see a leopard gecko.

Vanquished Creatures
  A jackal (D:1)
  2 bats (D:1)
3 creatures vanquished.

Notes
Turn   | Place    | Note
-------+----------+-------------------------------------------
     0 | D:1      | MrRokkomies the Demigod Wanderer began the quest for the
                  | Orb.
     0 | D:1      | MrRokkomies set off with the following items: a +0 dagger,
                  | a scroll of teleportation, a +0 robe; and the following
                  | spell memorised: Sandblast; and the following spells
                  | available to memorise: Blink, Gell's Gravitas, Lesser
                  | Beckoning, Teleport Other, Passage of Golubria, Stone Arrow
     0 | D:1      | Reached XP level 1. HP: 14/14 MP: 3/3
   121 | D:1      | Slain by a leopard gecko

Illustrated notes

Levels and vault maps discovered:
D:1:      minmay_arrival_arboretum_small, layout_basic, minmay_tall_x

Action                   || total
-------------------------++-------
Melee: Spear             ||    14
Armor: Robe              ||     2
Dodge: Dodged            ||     6

Table legend: (Time is in decaauts)
 A = Elapsed time spent in this place.
 B = Non-inter-level travel time spent in this place.
 C = Inter-level travel time spent in this place.
 D = Time resting spent in this place.
 E = Time spent auto-exploring this place.
 F = Levels seen in this place.
 G = Mean time per level.
                   A        B        C        D        E       F      G
               +--------+--------+--------+--------+--------+-----+--------+
         Total |    120 |    120 |      0 |      0 |     93 |   1 |  120.0 |
       Dungeon |    120 |    120 |      0 |      0 |     93 |   1 |  120.0 |
               +--------+--------+--------+--------+--------+-----+--------+

Top non-repeatable levels by time:
     D:1: 120 daAuts
